 Seeded DCSS version 0.29-a0-643-ga013cefcf8 (webtiles) character file.

Game seed: 10802498693541890562 (custom seed)

4 wilfster70 the Sneak (level 1, -2/9 HPs)
             Began as a Spriggan Enchanter on June 19, 2022.
             Frozen to death by an endoplasm (5 damage)
             ... on level 1 of the Dungeon.
             The game lasted 00:01:04 (181 turns).

wilfster70 the Sneak (Spriggan Enchanter)            Turns: 181, Time: 00:01:04

Health: -2/9       AC:  5    Str:  4    XL:     1   Next: 50%
Magic:  5/5        EV: 17    Int: 16    God:
Gold:   14         SH:  0    Dex: 15    Spells: 5/5 levels left

rFire   . . .      SeeInvis +   a - +1 dagger
rCold   . . .      Faith    .   (no shield)
rNeg    . . .      Spirit   .   e - +3 robe of Clouds {*Thunder rCloud rElec}
rPois   .          Reflect  .   (helmet restricted)
rElec   +          Harm     .   (no cloak)
rCorr   .          Rampage  .   (gloves unavailable)
Will    .....                   (boots unavailable)
Stlth   +++.......              (no amulet)
HPRegen 0.03/turn               (no ring)
MPRegen 0.09/turn               (no ring)

@: very quick
A: very small, no large weapons, unfitting armour, see invisible, speed 3
a: no special abilities


You were on level 1 of the Dungeon.
You visited 1 branch of the dungeon, and saw 1 of its levels.

You collected 14 gold pieces.

Inventory:

Hand Weapons
 a - a +1 dagger (weapon)
Armour
 e - the +3 robe of Clouds (worn) {*Thunder rCloud rElec}
   (You acquired it on level 1 of the Dungeon)

   It occasionally creates storm clouds above nearby enemies.
   It grants its wearer immunity to clouds.
   rElec:     It insulates you from electricity.
Scrolls
 b - a scroll of fog {unknown}
Potions
 c - 2 potions of invisibility
 d - a potion of degeneration {unknown}


   Skills:
 - Level 1.1 Short Blades
 - Level 2.6 Dodging
 - Level 4.4 Stealth
 + Level 2.9 Spellcasting
 + Level 3.8 Hexes


You had 5 spell levels left.
You didn't know any spells.
Your spell library contained the following spells:

 Spells                   Type           Power      Damage    Failure   Level
 Confusing Touch          Hex            14%        N/A       12%         3
 Tukima's Dance           Hex            14%        N/A       12%         3
 Ensorcelled Hibernation  Hex/Ice        16%        N/A       13%         2
 Dazzling Flash           Conj/Hex       16%        N/A       26%         3


Dungeon Overview and Level Annotations

Branches:
Dungeon (1/15)

Altars:


Innate Abilities, Weirdness & Mutations

You are very small and have problems with some larger weapons.
You are too small for most types of armour.
You have supernaturally acute eyesight. (SInv)
You cover ground extremely quickly. (Speed+++)


Message History

No target in view!
You start resting.
HP restored.
Found 8 gold pieces.
You now have 14 gold pieces (gained 8).
A jackal comes into view.
A kobold comes into view.
It is wielding a +0 dagger. 2 jackals and an endoplasm come into view.
The helpless jackal fails to defend itself.
You impale the jackal!!
You kill the jackal!
The jackal barks! x2
You barely miss the jackal. The jackal completely misses you.
The jackal misses you.
You closely miss the jackal. The jackal completely misses you.
You hit the jackal but do no damage.
The jackal bites you but does no damage.
You hit the jackal.
The jackal is lightly wounded.
The jackal closely misses you. x2
You hit the jackal but do no damage.
The jackal is lightly wounded.
The jackal completely misses you.
You hit the jackal.
The jackal is heavily wounded.
The jackal bites you but does no damage.
You hit the jackal.
You kill the jackal!
The endoplasm freezes you.
You are frozen.
You miss the jackal. The jackal completely misses you.
The endoplasm freezes you.
You are frozen.
The jackal barely misses you.
You barely miss the jackal. The jackal bites you. The endoplasm misses you.
You barely miss the jackal.
The jackal bites you but does no damage.
The endoplasm freezes you.
You are frozen.
Ouch! That really hurt!
You die...

##...## ....J##
...... .... ... #
#.# ....#####.##
#...h@J..######
#######.......K
#.####### #.#
#######.#
........#####..
#######........
..#######..#...♣♣♣
.............♣.♣
♣♣


You could see an endoplasm and a jackal.

Vanquished Creatures
  An endoplasm (D:1)
  2 jackals (D:1)
3 creatures vanquished.

Notes
Turn   | Place    | Note
-------+----------+-------------------------------------------
     0 | D:1      | wilfster70 the Spriggan Enchanter began the quest for the
                  | Orb.
     0 | D:1      | Reached XP level 1. HP: 9/9 MP: 5/5
     7 | D:1      | Identified a scroll of acquirement
     7 | D:1      | Acquired the +3 robe of Clouds {*Thunder rCloud rElec}
     7 | D:1      | Found the +3 robe of Clouds {*Thunder rCloud rElec}
   181 | D:1      | Frozen to death by an endoplasm

Illustrated notes

Levels and vault maps discovered:
D:1:      kilobyte_arrival_exit_the_forest, layout_loops_ring, serial_shops,
          shop

Action                   || total
-------------------------++-------
Melee: Dagger            ||    13
  Use: Scroll            ||     1
 Stab: Sleeping          ||     1
Armor: Robe              ||     3
Dodge: Dodged            ||     9

Table legend: (Time is in decaauts)
 A = Elapsed time spent in this place.
 B = Non-inter-level travel time spent in this place.
 C = Inter-level travel time spent in this place.
 D = Time resting spent in this place.
 E = Time spent auto-exploring this place.
 F = Levels seen in this place.
 G = Mean time per level.
                   A        B        C        D        E       F      G
               +--------+--------+--------+--------+--------+-----+--------+
         Total |    136 |    136 |      0 |     39 |     53 |   1 |  136.0 |
       Dungeon |    136 |    136 |      0 |     39 |     53 |   1 |  136.0 |
               +--------+--------+--------+--------+--------+-----+--------+

Top non-repeatable levels by time:
     D:1: 136 daAuts
